 Dungeon Crawl Stone Soup version 0.30-a0-738-g116ff8c4af (webtiles) character file.

Game seed: 5821208765778642999

2071 Leeroy the Magician (level 9, 0/45 HPs)
             Began as a Vine Stalker Warper on Feb 3, 2023.
             Was a Follower of Wu Jian.
             Slain by a gargoyle
             ... wielding a +0 mace
              (7 damage)
             ... in a bailey.
             The game lasted 00:09:03 (5064 turns).

Leeroy the Magician (Vine Stalker Warper)           Turns: 5064, Time: 00:09:03

Health: 0/45       AC: 11    Str: 14    XL:     9   Next: 26%
Magic:  0/29       EV:  9    Int: 13    God:    Wu Jian [*.....]
Gold:   343        SH:  0    Dex: 18    Spells: 17/22 levels left

rFire   + + .      SeeInvis .    w - +1 short sword (flame)
rCold   x . .      Faith    .    (no shield)
rNeg    . . .      Spirit   +    g - +0 fire dragon scales
rPois   .          Reflect  .    (no helmet)
rElec   .          Harm     .    (no cloak)
rCorr   .          Rampage  .    s - +0 pair of gloves
Will    +....                    (no boots) Stlth
                                 i - amulet of regeneration
HPRegen 1.87/turn                o - ring of magical power
MPRegen 0.21/turn                (no ring)

@: hasted, very quick
A: fangs 3, regeneration 1, magic shield, antimagic bite, no potion heal 2
a: Renounce Religion


You were in a bailey.
You worshipped Wu Jian.
Wu Jian was aware of your devotion.
You visited 2 branches of the dungeon, and saw 8 of its levels.
You also visited: Bailey.

You collected 343 gold pieces.

Inventory:

Hand Weapons
 a - a +0 falchion
 w - a +1 short sword of flaming (weapon)
Missiles
 d - 7 boomerangs of dispersal
 h - 4 poisoned darts (quivered)
 m - 6 boomerangs
Armour
 b - a +0 leather armour
 g - +0 fire dragon scales (worn)
 s - a +0 pair of gloves (worn)
 v - the +4 leather armour of Okawaru's Condemnation {rC+ Int+4 Dex-2}
   (You found it on level 4 of the Dungeon)

   Int:       It affects your intelligence (+4).
   Dex:       It affects your dexterity (-2).
   rC:        It protects you from cold.
 x - a +0 pair of gloves
Jewellery
 i - an amulet of regeneration (around neck)
 o - a ring of magical power (left hand)
 p - an amulet of reflection
Scrolls
 c - 3 scrolls of blinking
 k - 2 scrolls of immolation {unknown}
 l - 2 scrolls of magic mapping {unknown}
 q - 2 scrolls of vulnerability {unknown}
 r - 4 scrolls of identify
 u - a scroll of teleportation {unknown}
 y - a scroll of acquirement {unknown}
 B - a scroll of enchant weapon {unknown}
 C - a scroll of poison {unknown}
 D - a scroll of noise {unknown}
 E - a scroll of torment {unknown}
Potions
 e - 2 potions of haste
 f - 3 potions of lignification {unknown}
 j - 4 potions of brilliance {unknown}
 n - 4 potions of curing {unknown}
 z - a potion of might {unknown}
 A - 2 potions of invisibility {unknown}
 F - a potion of magic {unknown}


   Skills:
 - Level 4.2 Fighting
 * Level 4.7 Long Blades
 - Level 0.8 Throwing
 - Level 6.0 Armour
 - Level 1.5 Dodging
 * Level 7.1 Spellcasting
 - Level 3.0 Translocations


You had 17 spell levels left.
You knew the following spells:

 Your Spells              Type           Power      Damage    Failure   Level
a - Blink                 Tloc           24%        N/A       32%         2
b - Vhi's Electric Charg  Tloc/Air       16%        N/A       75%         3

Your spell library contained the following spells:

 Spells                   Type           Power      Damage    Failure   Level
 Lesser Beckoning         Tloc           24%        N/A       32%         2
 Gell's Gravitas          Tloc           12%        N/A       54%         3
 Teleport Other           Tloc           12%        N/A       54%         3
 Shock                    Conj/Air       16%        1d4       58%         1
 Sublimation of Blood     Necr           4%         N/A       73%         2
 Wereblood                Tmut           4%         N/A       73%         2
 Swiftness                Air            4%         N/A       91%         3
 Manifold Assault         Tloc           12%        N/A       91%         4
 Airstrike                Air            2%         2d(1-17)  100%        4
 Summon Hydra             Summ           2%         N/A       100%        7


Dungeon Overview and Level Annotations

Branches:
Dungeon (7/15)             Temple (1/1) D:6          Bailey (1/1)

Altars:
Ashenzari
Cheibriados
Dithmenos
Elyvilon
Fedhas
Gozag
Hepliaklqana
Kikubaaqudgha
Makhleb
Nemelex Xobeh
Okawaru
Qazlal
Ru
Sif Muna
Trog
Uskayaw
Vehumet
Wu Jian
Xom
Yredelemnul
Zin
The Shining One


Innate Abilities, Weirdness & Mutations

You have razor-sharp teeth.
Your natural rate of healing is unusually fast.
When hurt, damage is shared between your health and your magic reserves.
Your bite disrupts and absorbs the magic of your enemies.
Potions cannot restore your health.


Message History

As you read the scroll of blinking, it crumbles to dust.
You see here a +0 spear.
You see here a +0 halberd.
The gargoyle hurls a stone arrow at you.
The stone arrow hits you!
* * * LOW HITPOINT WARNING * * *
Okay, then.
Okay, then.
As you read the scroll labelled SUEROP BECO, it crumbles to dust.
It is a scroll of identify.
e - 3 potions of haste You feel yourself speed up.
Aiming: Mindburst
Press: ? - help, Shift-Dir - straight line, f - gargoyle
Aim: a gargoyle, wielding a +0 mace (chance to affect: 47%)
The gargoyle resists with some effort.
Aiming: Mindburst
Press: ? - help, Shift-Dir - straight line, f/p - gargoyle
Aim: a gargoyle, wielding a +0 mace (chance to affect: 47%)
The gargoyle's mind is blasted!!
The now-empty wand crumbles to dust.
Casting: Vhi's Electric Charge (quite dangerous; 75% risk of failure)
Confirm with . or Enter, or press ? or * to list all spells.
The spell is quite dangerous to miscast (75% risk of failure)!
Continue anyway?
Okay, then.
You lunge at the gargoyle.
You hit the gargoyle but do no damage.
You bite the gargoyle, but do no damage.
The gargoyle is severely damaged.
The gargoyle hurls a stone arrow at you.
The stone arrow hits you.
You hit the gargoyle but do no damage.
The gargoyle is severely damaged.
The gargoyle hurls a stone arrow at you.
The stone arrow hits you!!
* * * LOW HITPOINT WARNING * * *
You closely miss the gargoyle.
The gargoyle is severely damaged.
You hit the gargoyle but do no damage.
The gargoyle is severely damaged.
The gargoyle hits you with a +0 mace!
You die...

#........♣...♣..)#
####....♣..♣......##
#.)'.........♣.....#
#.)#.....♣.........#
###'##..........####'#
#.÷.#....♣....♣.#.)..#
#÷÷.#...........#.)..#
#...#......♣....#).#'##+#
#####....♣...@9)#..#....#
#....♣...#.))####....#
#.......####)...'....#
#8.....##..##...'....#
########....#...#....#
........)......#....#
........#......#+####
#++##...##....8#
##...#######


You could see a gargoyle.

Vanquished Creatures
  Grinder (D:5)
  Sigmund (D:5)
  A sky beast (D:6)
  An ogre (D:6)
  A phantom (D:7)
  A gnoll sergeant (D:6)
  3 necrophages
  5 scorpions
  6 vampire bats (Bailey)
  2 howler monkeys
  2 orc priests
  A hound (D:5)
  3 jellies
  An iguana (D:5)
  Natasha (twice) (D:2)
  10 adders
  5 gnolls (D:6)
  2 shadow imps
  A white imp (D:6)
  An ufetubus (D:6)
  2 worms (D:2)
  15 dart slugs
  14 orcs
  3 bats
  9 endoplasms
  2 giant cockroaches (D:3)
  7 goblins
  5 hobgoblins
  A jackal (D:1)
  5 kobolds
  A quokka (D:3)
  5 ball pythons
  2 frilled lizards (D:2)
  17 orc zombies (Bailey)
  3 rats
141 creatures vanquished.

Vanquished Creatures (others)
  7 plants (D:6)
7 creatures vanquished.

Grand Total: 148 creatures vanquished

Notes
Turn   | Place    | Note
-------+----------+-------------------------------------------
     0 | D:1      | Leeroy the Vine Stalker Warper began the quest for the Orb.
     0 | D:1      | Reached XP level 1. HP: 11/11 MP: 4/4
   129 | D:1      | You fall into a shaft and drop 1 floor!
   237 | D:2      | Reached XP level 2. HP: 15/15 MP: 6/6
   460 | D:2      | Reached XP level 3. HP: 16/18 MP: 7/7
   557 | D:2      | Noticed Natasha
   570 | D:2      | Killed Natasha
   571 | D:2      | Reached skill level 1 in Armour
   571 | D:2      | Gained mutation: Your natural rate of healing is unusually
                  | fast. [Vine Stalker growth]
   571 | D:2      | Reached XP level 4. HP: 8/23 MP: 5/8
   584 | D:2      | Noticed Natasha
   589 | D:2      | Killed Natasha
   645 | D:2      | Learned a level 2 spell: Blink
   649 | D:2      | Learned a level 3 spell: Vhi's Electric Charge
  1255 | D:3      | Reached XP level 5. HP: 23/26 MP: 6/9
  1566 | D:4      | Found a stormy altar of Qazlal.
  1759 | D:4      | Reached XP level 6. HP: 24/30 MP: 8/10
  2234 | D:4      | Identified the +4 leather armour of Okawaru's Condemnation
                  | {rC+ Int+4 Dex-2}
  2358 | D:5      | Entered Level 5 of the Dungeon
  2392 | D:5      | Noticed Sigmund
  2416 | D:5      | Killed Sigmund
  2417 | D:5      | Reached skill level 5 in Armour
  2417 | D:5      | Reached XP level 7. HP: 34/34 MP: 11/11
  2909 | D:5      | Noticed Grinder
  2911 | D:5      | Paralysed by Grinder for 5 turns
  2941 | D:5      | Killed Grinder
  2942 | D:5      | Reached skill level 4 in Spellcasting
  2942 | D:5      | Gained mutation: You have razor-sharp teeth. [Vine Stalker
                  | growth]
  2942 | D:5      | Reached XP level 8. HP: 36/39 MP: 5/15
  3369 | D:6      | Reached skill level 5 in Spellcasting
  3582 | D:6      | Reached skill level 6 in Spellcasting
  3710 | D:6      | Found a staircase to the Ecumenical Temple.
  3746 | Temple   | Entered the Ecumenical Temple
  3917 | Temple   | Became a worshipper of the Wu Jian Council
  4661 | D:6      | Reached XP level 9. HP: 45/45 MP: 19/19
  4836 | D:7      | Found a flagged portal.
  4841 | Bailey   | Entered a bailey
  4931 | Bailey   | Reached * piety under Wu Jian
  4936 | Bailey   | Reached skill level 7 in Spellcasting
  5036 | Bailey   | Noticed a gargoyle
  5064 | Bailey   | Slain by a gargoyle

Illustrated notes

Levels and vault maps discovered:
D:1:      dpeg_arrival_boxes_within_box, layout_rooms, serial_shops,
          nicolae_shop_trees, shapermc_ecumenical_altar_pompeii,
          hangedman_abyss_or_decor_lesser_grid
D:2:      layout_rooms, chequers_mini_garden, uniq_natasha
D:3:      layout_loops_cross, minmay_crystal_water,
          hangedman_decor_clover_reticule, minmay_box_of_dots
D:4:      layout_cave_pods, grunt_qazlal_sundering
D:5:      kennysheep_slugbush, layout_loops_ring, palyth_stone_intersect,
          uniq_grinder, uniq_sigmund
D:6:      layout_layer_cave, minmay_temple_entry_mist, chequers_big_river
D:7:      layout_loops_ring, enter_bailey_3, ebering_ghost_disaster_area,
          kennysheep_generic_room_3
Temple:   kilobyte_greek_temple
Bailey:   bailey_polearm_vampire_castle_hellmonk, bailey

Skill      XL: |  1  2  3  4  5  6  7  8  9 |
---------------+----------------------------+-----
Long Blades    | 2 3 4 |  4.7
Armour         | 1 2 3 5 6 |  6.0
Fighting       | 2 4 |  4.2
Spellcasting   | 4 6 7 |  7.1
Throwing       | |  0.8
Dodging        | |  1.5
Translocations | |  3.0

Action                     |  1- 3 |  4- 6 |  7- 9 || total
---------------------------+-------+-------+-------++-------
  Melee: Falchion          |    71 |   188 |   100 ||   359
         Bite              |    14 |    44 |   149 ||   207
         Punch             |       |     2 |     7 ||     9
         Short sword       |       |       |   341 ||   341
  Throw: Dart              |       |       |     6 ||     6
Ability: Lunge             |       |       |    18 ||    18
  Evoke: Wand              |       |       |     2 ||     2
    Use: Scroll            |       |       |     2 ||     2
         Potion            |       |       |     1 ||     1
   Stab: Sleeping          |     1 |       |       ||     1
         Distracted        |       |       |     1 ||     1
 Armour: Leather armour    |    18 |       |       ||    18
         Fire dragon scale |    15 |    91 |   233 ||   339
  Dodge: Dodged            |    51 |    92 |   222 ||   365

Table legend: (Time is in decaauts)
 A = Elapsed time spent in this place.
 B = Non-inter-level travel time spent in this place.
 C = Inter-level travel time spent in this place.
 D = Time resting spent in this place.
 E = Time spent auto-exploring this place.
 F = Levels seen in this place.
 G = Mean time per level.
                   A        B        C        D        E       F      G
               +--------+--------+--------+--------+--------+-----+--------+
         Total |   5093 |   4821 |    272 |      3 |   3489 |   9 |  565.9 |
       Dungeon |   4633 |   4417 |    216 |      3 |   3214 |   7 |  661.9 |
        Temple |    248 |    192 |     56 |      0 |    181 |   1 |  248.0 |
        Bailey |    211 |    211 |      0 |      0 |     94 |   1 |  211.0 |
               +--------+--------+--------+--------+--------+-----+--------+

Top non-repeatable levels by time:
     D:6: 1232 daAuts
     D:5: 934 daAuts
     D:4: 814 daAuts
     D:3: 727 daAuts
     D:2: 714 daAuts
  Temple: 248 daAuts
  Bailey: 211 daAuts
     D:1: 130 daAuts
     D:7: 79 daAuts
